 Dungeon Crawl Stone Soup version 0.24-a0-139-geb6712d (console) character file.

Game seed: 7098951556351434779

264 Duffy the Chopper (level 6, -4/52 HPs)
             Began as a Naga Gladiator on Mar 2, 2019.
             Killed from afar by an orc (15 damage)
             ... with a wand of acid (7)
             ... on level 3 of the Dungeon.
             The game lasted 00:01:55 (2936 turns).

Duffy the Chopper (Naga Gladiator)                  Turns: 2936, Time: 00:01:56

Health: -4/52      AC:  6    Str: 16    XL:     6   Next: 19%
Magic:  6/6        EV: 11    Int: 10    God:
Gold:   105        SH:  0    Dex: 17    Spells: 5/5 levels left

rFire    + . .     SeeInvis +   a - +0 war axe
rCold    . . .     Gourm    .   (no shield)
rNeg     . . .     Faith    .   l - +1 robe {rF+}
rPois    +         Spirit   .   c - +0 helmet
rElec    .         Reflect  .   (no cloak)
rCorr    .         Harm     .   m - +0 pair of gloves
MR       .....                  (no barding)
Stlth    ++........             (no amulet)
HPRegen  0.17/turn              w - +4 ring of dexterity
MPRegen  0.10/turn              (no ring)

@: very slow
A: large, see invisible, deformed body, poison resistance, slowness 2, slow
metabolism 1, spit poison 1, AC +2
a: Spit Poison


You were on level 3 of the Dungeon.
You were not hungry.

You visited 1 branch of the dungeon, and saw 3 of its levels.

You collected 105 gold pieces.

Inventory:

Hand Weapons
 a - a +0 war axe (weapon)
Missiles
 d - 3 throwing nets (quivered)
Armour
 c - a +0 helmet (worn)
 l - a +1 robe of fire resistance (worn)
 m - a +0 pair of gloves (worn)
Jewellery
 w - a +4 ring of dexterity (left hand)
Wands
 i - a wand of enslavement (7)
Scrolls
 e - 2 scrolls of blinking {unknown}
 h - 2 scrolls of teleportation {unknown}
 j - 3 scrolls of identify {unknown}
 k - 2 scrolls of remove curse {unknown}
 n - 2 scrolls of enchant armour {unknown}
 p - a scroll of random uselessness {unknown}
 t - a scroll of enchant weapon {unknown}
 v - a scroll of noise {unknown}
Potions
 g - a potion of brilliance {unknown}
 o - 4 potions of curing {unknown}
 q - a potion of flight {unknown}
 r - 3 potions of resistance {unknown}
 s - 2 potions of haste {unknown}
 u - a potion of berserk rage {unknown}
Comestibles
 b - 4 chunks of flesh
 f - 6 rations


   Skills:
 - Level 2.0 Fighting
 + Level 6.7 Axes
 - Level 1.7 Throwing
 - Level 2.4 Dodging


You had 5 spell levels left.
You didn't know any spells.
Your spell library contained the following spells:

 Spells                   Type           Power        Failure   Level  Hunger
 Animate Skeleton         Necr           N/A          36%         1    ##.....
 Apportation              Tloc           #.....       36%         1    ##.....
 Confusing Touch          Hex            #.....       36%         1    ##.....
 Corona                   Hex            #......      36%         1    ##.....
 Magic Dart               Conj           #...         36%         1    ##.....
 Summon Small Mammal      Summ           #...         36%         1    ##.....
 Ensorcelled Hibernation  Hex/Ice        #.....       50%         2    ###....
 Searing Ray              Conj           #.....       50%         2    ###....
 Confuse                  Hex            #.......     75%         3    ####...
 Dazzling Spray           Conj/Hex       #.....       75%         3    ####...
 Tukima's Dance           Hex            #.......     75%         3    ####...
 Force Lance              Conj/Tloc      #.......     98%         4    #####..
 Fulminant Prism          Conj/Hex       #.........   98%         4    #####..
 Iskenderun's Mystic Bla  Conj           #.......     98%         4    #####..


Dungeon Overview and Level Annotations

Branches:
Dungeon (3/15)

Altars:
Sif Muna
Wu Jian


Innate Abilities, Weirdness & Mutations

You cannot wear boots.
Your serpentine skin is tough. (AC +2)
You have supernaturally acute eyesight. (SInv)
Armour fits poorly on your strangely shaped body.
Your system is resistant to poisons. (rPois)
You cover ground very slowly.
You have a slow metabolism.
You can spit poison.


Message History

Your orc closely misses the orc.
The orc throws a stone.
The stone hits you but does no damage. The orc hits your orc with a +0 dagger.
Your orc zaps a wand.
The bolt of acid hits the orc!!
The orc is splashed with acid.
The orc dies!
Found a ration.
You pick up a book of Maledictions and begin reading...
You add the spells Corona, Ensorcelled Hibernation, Confuse and Tukima's Dance to your library.
Really attack your orc?
You barely miss your orc.
The orc is no longer charmed.
The orc is heavily wounded.
The orc zaps a wand.
The bolt of acid misses you.
You closely miss the orc.
The orc is heavily wounded.
The orc closely misses you.
You hit the orc.
The orc is almost dead.
The orc zaps a wand.
The bolt of acid hits you!
You die...

..........#.##.#.. .
#..........#.#..#.# #
#............#.##.# #
#.................### #
#............#......#####
......>...)..............
.........)[))#.%....####.
%.......o..%.)...........
####..@.((.#############
######### # ###### #.....
#..... #).... #.....
#..... #.....


You could see an orc.

Vanquished Creatures
  Sigmund (D:2)
  2 adders
  3 gnolls (D:2)
  A worm (D:2)
  A dart slug (D:1)
  A leopard gecko (D:3)
  5 orcs (D:3)
  5 bats
  3 giant cockroaches
  8 goblins
  10 hobgoblins
  2 jackals (D:3)
  5 kobolds
  3 frilled lizards
  2 rats
52 creatures vanquished.

Vanquished Creatures (collateral kills)
  An orc (D:3)
1 creature vanquished.

Grand Total: 53 creatures vanquished

Notes
Turn   | Place    | Note
-------+----------+-------------------------------------------
     0 | D:1      | Duffy the Naga Gladiator began the quest for the Orb.
     0 | D:1      | Reached XP level 1. HP: 19/19 MP: 1/1
   361 | D:1      | Reached XP level 2. HP: 21/26 MP: 2/2
  1233 | D:2      | Reached skill level 4 in Axes
  1379 | D:2      | Reached XP level 3. HP: 29/32 MP: 3/3
  1555 | D:2      | Noticed Sigmund
  1571 | D:2      | Killed Sigmund
  1571 | D:2      | Reached skill level 6 in Axes
  1571 | D:2      | Reached XP level 4. HP: 10/39 MP: 4/4
  1571 | D:2      | Reached XP level 5. HP: 11/45 MP: 5/5
  2030 | D:2      | HP: 2/45 [gnoll/+0 halberd (4)]
  2335 | D:2      | Reached XP level 6. HP: 48/52 MP: 6/6
  2622 | D:2      | Found a deep blue altar of Sif Muna.
  2715 | D:3      | Found an ornate altar of the Wu Jian Council.
  2936 | D:3      | Killed from afar by an orc

Levels and vault maps discovered:
D:1:      eino_arrival_water_cross, layout_basic, minmay_misc_feat_rugged,
          dk_noncrumbling_4
D:2:      layout_loops_corners, lemuel_blue_sif_altar, uniq_sigmund
D:3:      lemuel_upstairs_altar, layout_basic, old_standard_altar, first_ration

Skill      XL: |  1  2  3 |
---------------+----------+-----
Axes           | 4 6 |  6.7
Fighting       | |  2.0
Throwing       | |  1.7
Dodging        | |  2.4

Action                   |  1- 3 |  4- 6 || total
-------------------------+-------+-------++-------
Melee: War axe           |    62 |    88 ||   150
Throw: Throwing net      |       |     1 ||     1
 Abil: Spit Poison       |     2 |     3 ||     5
Evoke: Wand              |       |     1 ||     1
  Eat: Chunk             |     1 |     4 ||     5
Armor: Leather armour    |    18 |       ||    18
       Robe              |       |    35 ||    35
Dodge: Dodged            |    37 |    64 ||   101

Table legend:
 A = Non-vault XP
 B = Vault XP
 C = Vault XP percentage of total XP
 D = Non-vault monster count
 E = Vault monster count
 F = Vault count percentage of total count
                 A         B        C        D         E       F
            +---------+---------+-------+---------+---------+-------
      Total |     166 |     212 |  56.1 |      52 |       1 |   1.9
            +---------+---------+-------+---------+---------+-------
        D:1 |      25 |       0 |   0.0 |      13 |       0 |   0.0
        D:2 |      85 |     212 |  71.4 |      19 |       1 |   5.0
        D:3 |      56 |       0 |   0.0 |      20 |       0 |   0.0
            +---------+---------+-------+---------+---------+-------
